 Dungeon Crawl Stone Soup version 0.31.0-9-g3a7656b989 (webtiles) character file.

Game seed: 10262419686814679108

137 qw the Skirmisher (level 5, -2/29 HPs)
             Began as a Deep Elf Hunter on Feb 2, 2024.
             Slain by a gnoll
             ... wielding a +0 spear
              (3 damage)
             ... on level 3 of the Dungeon.
             The game lasted 00:00:06 (1871 turns).

qw the Skirmisher (Deep Elf Hunter)                 Turns: 1871, Time: 00:00:07

Health: -2/29      AC:  9    Str: 10    XL:     5   Next: 0%
Magic:  7/7        EV: 11    Int: 14    God:
Gold:   88         SH:  0    Dex: 18    Spells: 4/4 levels left

rFire   + . .        a - +0 shortbow
rCold   . . .        (shield currently unavailable)
rNeg    . . .        h - +1 ring mail
rPois   .            i - +2 hat {SInv}
rElec   .            (no cloak)
rCorr   .            g - +0 pair of gloves
SInv    +            (no boots)
Will    .....        (no amulet)
Stlth   +            f - ring of protection from fire
HPRegen 0.24/turn    (no ring)
MPRegen 0.10/turn

%: no passive effects
@: no status effects
A: no striking features
a: no special abilities


You were on level 3 of the Dungeon.
You visited 1 branch of the dungeon, and saw 3 of its levels.

You collected 88 gold pieces.


   Skills:
 - Level 1.5 Fighting
 + Level 8.4 Ranged Weapons
 - Level 2.4 Dodging
 - Level 1.2 Stealth


You had 4 spell levels left.
You didn't know any spells.
Your spell library was empty.

Inventory:

Hand Weapons
 a - a +0 shortbow (weapon)
Armour
 g - a +0 pair of gloves (worn)
 h - a +1 ring mail (worn)
 i - a +2 hat of see invisible (worn)
Jewellery
 e - a ring of flight
 f - a ring of protection from fire (left hand)
Scrolls
 c - a scroll of identify
Potions
 b - a potion of enlightenment {unknown}
 d - a potion of curing {unknown}
 j - a potion of magic {unknown}

Dungeon Overview and Level Annotations

Branches:
Dungeon (3/15)

Altars:


Message History

You shoot an arrow. The arrow hits the gnoll.
The gnoll is severely wounded.
The gnoll completely misses you.
You shoot an arrow. The arrow hits the gnoll!
You kill the gnoll!
You shoot an arrow. The arrow hits the gnoll.
The gnoll is moderately wounded.
The gnoll hits you but does no damage. The gnoll hits you with a +0 flail.
You shoot an arrow. The arrow hits the gnoll.
The gnoll is severely wounded.
The gnoll hits you but does no damage. The gnoll closely misses you.
You shoot an arrow. The arrow completely misses the gnoll.
The gnoll completely misses you. The gnoll closely misses you.
You shoot an arrow. The arrow barely misses the gnoll.
The gnoll misses you. The gnoll hits you with a +0 flail.
You shoot an arrow. The arrow hits the gnoll.
The gnoll is severely wounded.
The gnoll barely misses you. The gnoll hits you with a +0 flail.
The gnoll barely misses you. The gnoll hits you but does no damage.
You shoot an arrow. The arrow closely misses the gnoll.
The gnoll barely misses you. The gnoll closely misses you.
You shoot an arrow. The arrow hits the gnoll!
You kill the gnoll!
The gnoll hits you from afar with a +0 spear.
You have reached level 5!
You shoot an arrow. The arrow closely misses the gnoll.
The gnoll closely misses you.
You shoot an arrow.
The arrow hits the gnoll but does no damage.
The gnoll hits you but does no damage.
You shoot an arrow. The arrow barely misses the gnoll.
The gnoll barely misses you.
You shoot an arrow. The arrow barely misses the gnoll.
The gnoll hits you from afar with a +0 spear.
You shoot an arrow. The arrow closely misses the gnoll.
The gnoll hits you but does no damage. The gnoll barely misses you.
You shoot an arrow. The arrow hits the gnoll!
The gnoll is heavily wounded.
The gnoll hits you from afar with a +0 spear.
You die...

.# ....# .. ....# #.
#...# .# .) #. #...#
..##.. #. #...# .....
####g #.).# ...#
#.#....###...###...#
.....<.@)......)...#
#.#.######...##....#
#......>..#
#..###.#..####
#####.............
#.##.P.....##.#..####
#.#....P...##.#..#
#..P7_.7P..##.# .#
##.#...P.P..##.# .#


You could see a gnoll.

Vanquished Creatures
  7 gnolls
  2 adders
  A dart slug (D:2)
  3 endoplasms (D:1)
  2 giant cockroaches
  2 goblins (D:1)
  7 hobgoblins
  8 jackals (D:1)
  2 quokkas
  5 ball pythons (D:1)
  5 bats
  3 kobolds
  3 rats (D:2)
50 creatures vanquished.

Notes
Turn   | Place    | Note
-------+----------+-------------------------------------------
     0 | D:1      | qw the Deep Elf Hunter began the quest for the Orb.
     0 | D:1      | Reached XP level 1. HP: 12/12 MP: 3/3
     0 | D:1      | 0 ||| qw: Version: 0.3-a-155-g5e7d8dd
     0 | D:1      | 0 ||| qw: Game counter: 199
     0 | D:1      | 0 ||| qw: Melee chars always use a shield: true
     0 | D:1      | 0 ||| qw: God list: Okawaru
     0 | D:1      | 0 ||| qw: Allow faded altars: false
     0 | D:1      | 0 ||| qw: Do Orc after clearing Dungeon:15 true
     0 | D:1      | 0 ||| qw: Do second Lair branch before Depths: true
     0 | D:1      | 0 ||| qw: Lair rune preference: random
     0 | D:1      | 0 ||| qw: Goals: Normal
     0 | D:1      | 0 ||| PLANNING D:1-11
   234 | D:1      | Reached XP level 2. HP: 16/16 MP: 4/4
   250 | D:1      | Reached skill level 6 in Ranged Weapons
   706 | D:1      | Reached XP level 3. HP: 20/20 MP: 5/5
   942 | D:1      | 942 ||| UPGRADING to +0 ring mail.
   952 | D:1      | 952 ||| DROPPING +0 leather armour.
   953 | D:1      | 953 ||| UPGRADING to ring of protection from fire.
   954 | D:1      | 954 ||| READING scroll labelled XUASOU PUTTOIC.
   954 | D:1      | 954 ||| ENCHANTING +0 ring mail.
   955 | D:1      | 955 ||| READING scroll labelled WONIUCLACUM.
   955 | D:1      | 955 ||| IDENTIFYING glowing cyan potion
   956 | D:1      | 956 ||| DROPPING scroll of butterflies.
   957 | D:1      | 957 ||| DROPPING potion of brilliance.
  1227 | D:2      | Reached skill level 7 in Ranged Weapons
  1246 | D:2      | Reached XP level 4. HP: 25/25 MP: 6/6
  1693 | D:2      | 1693 ||| UPGRADING to +0 pair of gloves.
  1698 | D:2      | 1698 ||| UPGRADING to +2 hat of see invisible.
  1703 | D:2      | 1703 ||| READING scroll labelled PIRGHETHR UXKO.
  1704 | D:2      | 1704 ||| READING scroll labelled BOQON QEBEMUOR.
  1705 | D:2      | 1705 ||| READING scroll labelled ZIMESI GECROM.
  1719 | D:3      | 1719 ||| STAIRDANCE
  1728 | D:3      | Reached skill level 8 in Ranged Weapons
  1818 | D:3      | Found a faded altar of an unknown god.
  1865 | D:3      | HP: 5/25 [gnoll/+0 spear (6)]
  1866 | D:3      | Reached XP level 5. HP: 5/29 MP: 7/7
  1869 | D:3      | HP: 1/29 [gnoll/+0 spear (6)]
  1871 | D:3      | Slain by a gnoll

Levels and vault maps discovered:
D:1:      eino_arrival_cavern_a, layout_basic, minmay_tromino_v2
D:2:      layout_basic
D:3:      layout_loops_ring, ebering_ecumenical_altar_petrified

Skill      XL: |  1  2  3  4 |
---------------+-------------+-----
Ranged Weapons | 6 7 8 |  8.4
Fighting       | |  1.5
Dodging        | |  2.4
Stealth        | |  1.2

Action                     |  1- 3 |  4- 6 || total
---------------------------+-------+-------++-------
   Fire: Shortbow          |   102 |    59 ||   161
    Use: Scroll            |     2 |     3 ||     5
 Armour: Leather armour    |    26 |       ||    26
         Ring mail         |    10 |    26 ||    36
  Dodge: Dodged            |    40 |    25 ||    65

Table legend:
 A = Non-vault XP
 B = Vault XP
 C = Vault XP percentage of total XP
 D = Non-vault monster count
 E = Vault monster count
 F = Vault count percentage of total count
                 A         B        C        D         E       F
            +---------+---------+-------+---------+---------+-------
      Total |     193 |       4 |   2.0 |      48 |       2 |   4.0
            +---------+---------+-------+---------+---------+-------
        D:1 |      47 |       4 |   7.8 |      28 |       2 |   6.7
        D:2 |      89 |       0 |   0.0 |      15 |       0 |   0.0
        D:3 |      57 |       0 |   0.0 |       5 |       0 |   0.0
            +---------+---------+-------+---------+---------+-------
